 Dungeon Crawl Stone Soup version 0.25.1-2-g60ff931df9 (webtiles) character file.

Game seed: 12152196274833728449

415 Destapler the Skirmisher (level 6, -1/56 HPs)
             Began as a Minotaur Abyssal Knight on Aug 27, 2020.
             Was a Believer of Lugonu.
             Slain by a kobold
             ... wielding a +1 dagger of distortion
              (25 damage)
             ... on level 3 of the Dungeon.
             The game lasted 00:10:28 (3915 turns).

Destapler the Skirmisher (Minotaur Abyssal Knight)  Turns: 3915, Time: 00:10:29

Health: -1/56      AC:  3    Str: 18    XL:     6   Next: 60%
Magic:  7/7        EV: 11    Int:  9    God:    Lugonu [**....]
Gold:   205        SH:  4    Dex: 10    Spells: 5/5 levels left

rFire    . . .     SeeInvis .   a - +1 mace
rCold    . . .     Gourm    .   q - +0 buckler
rNeg     . . .     Faith    .   b - +0 leather armour
rPois    .         Spirit   .   (helmet restricted)
rElec    .         Reflect  .   (no cloak)
rCorr    .         Harm     .   (no gloves)
MR       .....                  (no boots)
Stlth    +.........             (no amulet)
HPRegen  0.18/turn              (no ring)
MPRegen  0.10/turn              (no ring)

@: no status effects
A: retaliatory headbutt, horns 2
a: Depart the Abyss, Bend Space, Renounce Religion


You were on level 3 of the Dungeon.
You worshipped Lugonu.
Lugonu was pleased with you.
You were hungry.

You visited 1 branch of the dungeon, and saw 3 of its levels.
You visited the Abyss 1 time.

You collected 205 gold pieces.

Inventory:

Hand Weapons
 a - a +1 mace (weapon)
Missiles
 g - 43 poisoned darts (quivered)
Armour
 b - a +0 leather armour (worn)
 e - a +0 ring mail
 q - a +0 buckler (worn)
Jewellery
 n - a cursed amulet of inaccuracy {unknown}
Scrolls
 d - 3 scrolls of brand weapon {unknown}
 f - a scroll of enchant weapon {unknown}
 h - a scroll of noise {unknown}
 i - 2 scrolls of remove curse {unknown}
 j - 5 scrolls of identify {unknown}
 k - a scroll of blinking {unknown}
 m - 3 scrolls of teleportation {unknown}
 o - 2 scrolls of magic mapping {unknown}
Potions
 p - a potion of cancellation {unknown}
 r - a potion of mutation {unknown}
Comestibles
 c - 5 rations


   Skills:
 + Level 5.3 Fighting
 + Level 4.4 Maces & Flails
 + Level 4.4 Armour
 - Level 1.2 Dodging
 * Level 2.5 Shields
 + Level 3.6 Invocations


You had 5 spell levels left.
You didn't know any spells.
Your spell library contained the following spells:

 Spells                   Type           Power        Failure   Level  Hunger
 Confusing Touch          Hex            #.......     86%         3    ####...
 Gell's Gravitas          Tloc           #.........   86%         3    ####...
 Petrify                  Tmut/Erth      #.......     99%         4    #####..
 Bolt of Magma            Conj/Fire/Erth #.........   100%        5    ######.
 Iskenderun's Battlesphe  Conj/Chrm      #.......     100%        5    ######.
 Metabolic Englaciation   Hex/Ice        #.........   100%        5    ######.
 Yara's Violent Unravell  Hex/Tmut       #.........   100%        5    ######.
 Iron Shot                Conj/Erth      #.........   100%        6    #######
 Orb of Destruction       Conj           #.........   100%        7    #######
 Spellforged Servitor     Conj/Summ      #.........   100%        7    #######


Dungeon Overview and Level Annotations

Branches:
Dungeon (3/15)

Altars:
Uskayaw
Wu Jian


Innate Abilities, Weirdness & Mutations

You reflexively headbutt those who attack you in melee.
You have a pair of horns on your head.


Message History

Matti1234's ghost hits you. Matti1234's ghost barely misses you.
You hit matti1234's ghost.
Matti1234's ghost is severely damaged.
You block matti1234's ghost's attack.
You hit matti1234's ghost.
Matti1234's ghost is severely damaged.
Matti1234's ghost closely misses you.
You closely miss matti1234's ghost. You headbutt matti1234's ghost!
You destroy matti1234's ghost!
Lugonu accepts your kill.
Your Shields skill increases to level 2!
The kobold throws a stone.
The stone hits you.
You closely miss the kobold.
The kobold hits you with a +1 dagger of distortion.
Space warps horribly around you!
* * * LOW HITPOINT WARNING * * *
You hit the kobold. Your headbutt misses the kobold.
The kobold is severely wounded.
The kobold hits you but does no damage. Space warps horribly around you!!
You die...

#.................# #.# ##.##
.......###....>#..###.# ##.##
...............#.#...## ##...#
.......#####..##.##### ##.....
#....### #..##.# #...>.. .....###
#..##.# ##....÷
.......#####..##.## ##...#
#..###.##......(..##### ##.##
#..# #.##.###.##@##.⌠.# ### #..#
#.##.# #.##K#.#.#.# #..###.##.#
#...KK..#.. ....##.##.#
#.#..'.....$# ..........#
#)##.'..#..)#########
..........###.##.#.#.#.##..)....#
#................##.⌠.#########.#
.......##.#.#.##..######### #.#
#.#.#####.#.#.#.### #.....# ##.#


You could see 3 kobolds.

Vanquished Creatures
  The ghost of matti1234 the Sneak, an amateur OpWr (D:3)
  Crazy Yiuf (D:2)
  Terence (D:2)
  Natasha (thrice) (D:3)
  Robin (D:2)
  A gnoll (D:1)
  6 adders
  2 leopard geckos
  A ball python (D:3)
  4 giant cockroaches
  21 goblins
  11 hobgoblins
  4 jackals
  13 kobolds
  3 quokkas (D:2)
  10 bats
  5 frilled lizards
  5 rats
  A fungus (D:2)
94 creatures vanquished.

Notes
Turn   | Place    | Note
-------+----------+-------------------------------------------
     0 | Abyss:1  | Destapler the Minotaur Abyssal Knight began the quest for
                  | the Orb.
     0 | Abyss:1  | Reached XP level 1. HP: 19/19 MP: 1/1
    28 | Abyss:1  | Noticed a shadow
    46 | Abyss:2  | Noticed a large abomination
    87 | D:1      | Escaped the Abyss
   302 | D:1      | Reached XP level 2. HP: 27/27 MP: 2/2
   543 | D:1      | Reached skill level 4 in Fighting
   629 | D:1      | Reached * piety under Lugonu
   629 | D:1      | Reached XP level 3. HP: 33/33 MP: 3/3
   968 | D:2      | Found an ornate altar of the Wu Jian Council.
   970 | D:2      | Found a hide-covered altar of Uskayaw.
  1066 | D:2      | Reached XP level 4. HP: 34/40 MP: 4/4
  1137 | D:2      | Noticed Terence
  1158 | D:2      | Killed Terence
  1212 | D:2      | Reached ** piety under Lugonu
  1218 | D:2      | Noticed Robin
  1675 | D:2      | Killed Robin
  2076 | D:2      | Found a runed translucent door.
  2077 | D:2      | Noticed Crazy Yiuf
  2086 | D:2      | Killed Crazy Yiuf
  2086 | D:2      | Reached XP level 5. HP: 26/47 MP: 3/6
  2877 | D:3      | Found a runed translucent gate.
  2878 | D:3      | Found a runed translucent gate.
  2878 | D:3      | Noticed matti1234's ghost (amateur OpWr)
  2880 | D:3      | Found a runed translucent gate.
  2880 | D:3      | Identified the +7 whip "Nuplocs" {chaos, *Noise rF+ rC++}
  3317 | D:3      | Reached skill level 5 in Fighting
  3492 | D:3      | Noticed Natasha
  3498 | D:3      | Killed Natasha
  3498 | D:3      | Reached skill level 1 in Shields
  3612 | D:3      | Noticed Natasha
  3621 | D:3      | Killed Natasha
  3621 | D:3      | Reached XP level 6. HP: 28/56 MP: 7/7
  3815 | D:3      | Noticed Natasha
  3822 | D:3      | Killed Natasha
  3913 | D:3      | Killed matti1234's ghost
  3915 | D:3      | Slain by a kobold

Illustrated notes

Levels and vault maps discovered:
D:1:      tarquinn_simple_flora_water_e, layout_loops_ring
D:2:      layout_rooms, chequers_temple_overflow_statue_of_worship,
          serial_bayou_pond_a, minmay_octomino_j4, uniq_terence,
          uniq_crazy_yiuf_cottage, uniq_robin
D:3:      layout_loops_ring, gammafunk_ghost_nasty_kobolds, uniq_natasha

Skill      XL: |  1  2  3  4  5  6 |
---------------+-------------------+-----
Invocations    | 2 3 |  3.6
Fighting       | 4 5 |  5.3
Maces & Flails | 3 4 |  4.4
Armour         | 3 4 |  4.4
Shields        | 1 2 |  2.5
Dodging        | |  1.2

Action                   |  1- 3 |  4- 6 || total
-------------------------+-------+-------++-------
Melee: Mace              |    72 |   128 ||   200
       Headbutt          |     5 |    22 ||    27
       Unarmed           |       |    12 ||    12
Invok: Depart the Abyss  |     1 |       ||     1
  Use: Potion            |       |     2 ||     2
  Eat: Chunk             |     1 |     8 ||     9
Armor: Leather armour    |    29 |    41 ||    70
       Skin              |       |     3 ||     3
Dodge: Dodged            |    69 |   121 ||   190
Block: Buckler           |       |    12 ||    12
